 Dungeon Crawl Stone Soup version 0.23-a0-49-gd9f7a49 (webtiles) character file.

1351 Gergoth the Geomancer (level 8, -5/41 HPs)
             Began as a Gargoyle Earth Elementalist on Aug 6, 2018.
             Killed by divine providence
             ... invoked by an orc priest
              (17 damage)
             ... on level 6 of the Dungeon.
             The game lasted 00:11:32 (5043 turns).

Gergoth the Geomancer (Gargoyle Earth Elementalist) Turns: 5043, Time: 00:11:33

Health: -5/41      AC: 10    Str: 14    XL:     8   Next: 63%
Magic:  24/26      EV: 12    Int: 16    God:
Gold:   201        SH:  4    Dex: 10    Spells: 14/20 levels left

rFire    . . .     SeeInvis .   b - +0 short sword
rCold    . . .     Gourm    .   E - +0 buckler
rNeg     + . .     Faith    .   c - +0 robe
rPois    ∞         Spirit   .   G - +0 helmet
rElec    +         Reflect  .   s - +0 cloak
rCorr    .         Harm     .   (no gloves)
MR       .....                  t - +0 pair of boots
Stlth    ++........             (no amulet)
HPRegen  0.13/turn              i - +1 ring of slaying
MPRegen  0.20/turn              m - ring of magical power

@: very slightly contaminated
A: negative energy resistance 1, electricity resistance, unbreathing,
petrification resistance, rot immunity, AC +5
a: no special abilities


You were on level 6 of the Dungeon.
You were not hungry.

You visited 1 branch of the dungeon, and saw 6 of its levels.

You collected 201 gold pieces.

Inventory:

Hand Weapons
 b - a +0 short sword (weapon)
Missiles
 q - 60 stones (quivered)
 I - a throwing net
Armour
 c - a +0 robe (worn)
 s - a +0 cloak (worn)
 t - a +0 pair of boots (worn)
 x - a cursed +0 chain mail
 E - a +0 buckler (worn)
 G - a +0 helmet (worn)
 H - a +0 pair of gloves
Magical Staves
 r - an uncursed staff of fire
Jewellery
 i - a +1 ring of slaying (left hand)
 m - a ring of magical power (right hand)
 B - the ring "Abrarapn" {*Slow +Blink rPois Dex+3 Stlth+, unknown}
   (You found it on level 4 of the Dungeon)

   [ring of poison resistance]

   It affects your dexterity (+3).
   It protects you from poison.
   It lets you blink.
   It may slow you when you take damage.
   It makes you more stealthy.
Scrolls
 e - 4 scrolls of identify {unknown}
 g - 4 scrolls of teleportation {unknown}
 h - 2 scrolls of fear {unknown}
 j - a scroll of immolation {unknown}
 k - 2 scrolls of amnesia {unknown}
 l - 2 scrolls of magic mapping {unknown}
 o - 2 scrolls of remove curse {unknown}
 p - 3 scrolls of fog {unknown}
 u - 2 scrolls of random uselessness {unknown}
 w - a scroll of blinking {unknown}
 y - a scroll of enchant weapon {unknown}
Potions
 a - 3 potions of curing
 f - 2 potions of heal wounds {unknown}
 n - 2 potions of might {unknown}
 v - a potion of degeneration {unknown}
 z - 2 potions of berserk rage {unknown}
 A - 2 potions of mutation {unknown}
 D - a potion of haste {unknown}
 F - a potion of invisibility {unknown}
 J - a potion of brilliance {unknown}
 K - a potion of lignification {unknown}
 L - a potion of agility {unknown}
Comestibles
 d - 8 rations
 C - 3 chunks of flesh


   Skills:
 - Level 1.5 Dodging
 - Level 2.1 Stealth
 + Level 3.4 Shields
 + Level 6.5 Spellcasting
 - Level 0.7 Transmutations
 + Level 9.0 Earth Magic


You had 14 spell levels left.
You knew the following spells:

 Your Spells              Type           Power        Failure   Level  Hunger
a - Sandblast             Erth           ####..       1%          1    None
b - Passwall              Tmut/Erth      ###.....     2%          2    None
c - Stone Arrow           Conj/Erth      ###...       7%          3    ##.....

Your spell library contained the following spells:

 Spells                   Type           Power        Failure   Level  Hunger
 Lee's Rapid Deconstruct  Erth           ####......   10%         5    #####..
 Petrify                  Tmut/Erth      ###.....     19%         4    ####...


Dungeon Overview and Level Annotations

Branches:
Dungeon (6/15)             Temple (0/1) D:4

Altars:
Elyvilon
Hepliaklqana
Nemelex Xobeh
Xom


Innate Abilities, Weirdness & Mutations

You are resistant to torment.
Your stone body is resilient. (AC +5)
You are immune to poison.
You resist negative energy. (rN+)
You are resistant to electric shocks. (rElec)
You can survive without breathing.
You are immune to petrification.
You are immune to rotting.


Message History

* * * LOW HITPOINT WARNING * * *
The orc wizard misses you. You block the worker ant's attack.
The orc wizard barely misses you.
There is an open door here.
The worker ant barely misses you.
There is an open door here.
The worker ant bites you but does no damage.
A bullfrog comes into view.
The orc wizard closely misses you.
The orc priest calls upon Beogh to heal the orc wizard.
The orc wizard's wounds heal themselves!
The worker ant bites you but does no damage.
There is a stone staircase leading up here.
The orc wizard points at you and mumbles some strange words.
The puff of flame hits you!
* * * LOW HITPOINT WARNING * * *
The orc priest mumbles some strange prayers to Beogh against you.
Beogh smites you!
You die...

#................
#......o......... .....
#...##.###########.....
#.. #'###...........#
+. #...#...........# #
#...#...........+
#...'...........### ##
#...#o.............
...#...#...o.o@.....F.
...#####.....a........
...........#####+##...
...........# .
##........# #....[...#
#####....# #....#
#....#


You could see a bullfrog (sleeping), a worker ant, an orc priest, an orc wizard
and an orc.

Vanquished Creatures
  Menkaure (D:4)
  A sky beast (D:5)
  A phantom (D:4)
  3 ogres (D:5)
  A centaur (D:5)
  2 bullfrogs (D:3)
  A scorpion (D:4)
  5 crimson imps
  2 hounds (D:5)
  A quasit (D:5)
  A bullfrog skeleton (D:2)
  2 iguanas
  Terence (D:3)
  A worker ant zombie (D:6)
  3 adders
  A howler monkey skeleton (D:5)
  3 oozes
  2 adder skeletons (D:5)
  3 worms (D:3)
  2 dart slugs
  3 leopard geckos
  3 orcs
  7 bats
  3 giant cockroaches
  10 hobgoblins
  14 jackals
  9 kobolds
  2 quokkas
  7 frilled lizards
  17 goblins
  2 leopard gecko skeletons (D:5)
  10 rats
124 creatures vanquished.

Vanquished Creatures (others)
  A quokka (D:5)
1 creature vanquished.

Grand Total: 125 creatures vanquished

Notes
Turn   | Place    | Note
-------+----------+-------------------------------------------
     0 | D:1      | Gergoth the Gargoyle Earth Elementalist began the quest for the Orb.
     0 | D:1      | Reached XP level 1. HP: 10/10 MP: 3/3
     2 | D:1      | Noticed an ogre
     2 | D:1      | Noticed a human
     5 | D:1      | Noticed an elf
     7 | D:1      | Noticed a minotaur
     7 | D:1      | Noticed a tengu
     9 | D:1      | Noticed a gargoyle
     9 | D:1      | Noticed an octopode
    11 | D:1      | Noticed a naga
    11 | D:1      | Noticed a centaur
    13 | D:1      | Noticed a demigod
    13 | D:1      | Noticed a spriggan
    15 | D:1      | Noticed a demonspawn
    15 | D:1      | Noticed a dwarf
    17 | D:1      | Noticed a ghoul
    19 | D:1      | Noticed a draconian
    21 | D:1      | Noticed a troll
    21 | D:1      | Noticed a formicid
    23 | D:1      | Noticed a halfling
    23 | D:1      | Noticed a felid
    25 | D:1      | Noticed a vine stalker
    25 | D:1      | Noticed a merfolk
    27 | D:1      | Noticed a vampire
   201 | D:1      | Reached XP level 2. HP: 15/15 MP: 0/5
   218 | D:1      | Reached skill level 4 in Earth Magic
   693 | D:1      | Reached XP level 3. HP: 19/19 MP: 3/6
  1146 | D:1      | Learned a level 2 spell: Passwall
  1150 | D:1      | Learned a level 3 spell: Stone Arrow
  1918 | D:2      | Reached XP level 4. HP: 23/24 MP: 8/8
  1951 | D:2      | Found a shimmering altar of Xom.
  2005 | D:2      | Reached skill level 5 in Earth Magic
  2297 | D:3      | Reached XP level 5. HP: 16/28 MP: 1/10
  3077 | D:3      | Reached skill level 6 in Earth Magic
  3077 | D:3      | Reached XP level 6. HP: 17/32 MP: 12/12
  3221 | D:3      | Found a shimmering altar of Xom.
  3338 | D:3      | Noticed Terence
  3350 | D:3      | Killed Terence
  3473 | D:3      | Reached skill level 5 in Spellcasting
  3473 | D:3      | Reached skill level 7 in Earth Magic
  3473 | D:3      | Reached XP level 7. HP: 28/36 MP: 14/14
  3698 | D:4      | Found a staircase to the Ecumenical Temple.
  3716 | D:4      | Noticed Menkaure
  3724 | D:4      | Killed Menkaure
  3927 | D:4      | Got a shimmering golden ring
  3984 | D:4      | Found a hazy altar of Hepliaklqana.
  4071 | D:5      | Entered Level 5 of the Dungeon
  4172 | D:5      | Reached skill level 1 in Shields
  4172 | D:5      | Reached skill level 8 in Earth Magic
  4188 | D:5      | Reached XP level 8. HP: 38/41 MP: 17/17
  4335 | D:5      | Found a white marble altar of Elyvilon.
  4422 | D:5      | Found a sparkling altar of Nemelex Xobeh.
  4756 | D:5      | Reached skill level 9 in Earth Magic
  5043 | D:6      | Killed from afar by an orc priest

Vault maps used:
D:1:      kb_arrival_jail, st_stairs_6, minivault_25
D:2:      nicolae_overflow_crystal_walls
D:3:      first_ration, st_stairs_11, led_xom_imps, uniq_terence
D:4:      lemuel_doored_altar, minmay_temple_entry_glass, uniq_menkaure
D:5:      elyvilon_altar_4, minmay_misc_feat_nine_boxes, st_stairs_10,
          nemelex_dance_club_becter
D:6:      grunt_dithmenos_smoke_and_mirrors

Skill      XL: |  1  2  3  4  5  6  7  8 |
---------------+-------------------------+-----
Earth Magic    | 4 5 6 7 8 9 |  9.0
Spellcasting   | 3 4 5 6 |  6.5
Shields        | 1 3 |  3.4
Dodging        | |  1.5
Stealth        | |  2.1
Transmutations | |  0.7

Action                   |  1- 3 |  4- 6 |  7- 9 || total
-------------------------+-------+-------+-------++-------
Melee: Unarmed           |    78 |       |       ||    78
       Short sword       |    76 |   106 |   126 ||   308
 Cast: Sandblast         |    30 |    30 |    23 ||    83
       Stone Arrow       |     5 |    31 |    20 ||    56
  Use: Potion            |     1 |       |       ||     1
 Stab: Sleeping          |     3 |     1 |     3 ||     7
  Eat: Chunk             |     4 |     8 |     7 ||    19
Armor: Robe              |   132 |    68 |    49 ||   249
Dodge: Dodged            |   231 |   100 |   107 ||   438
Block: Buckler           |       |       |    18 ||    18

Table legend:
 A = Spawn XP
 B = Non-spawn XP
 C = Spawn XP percentage of total XP
 D = Spawn monster count
 E = Non-spawn monster count
 F = Spawn count percentage of total count
 G = Total turns spent on level
                    A         B        C        D         E        F      G
               +---------+---------+-------+---------+---------+-------+---------
         Total |       0 |    1930 |   0.0 |       0 |     124 |   0.0 |  5043
               +---------+---------+-------+---------+---------+-------+---------
           D:1 |       0 |      69 |   0.0 |       0 |      35 |   0.0 |  1741
           D:2 |       0 |      76 |   0.0 |       0 |      23 |   0.0 |   537
           D:3 |       0 |     528 |   0.0 |       0 |      38 |   0.0 |  1317
           D:4 |       0 |     370 |   0.0 |       0 |       7 |   0.0 |   476
           D:5 |       0 |     868 |   0.0 |       0 |      19 |   0.0 |   898
           D:6 |       0 |      19 |   0.0 |       0 |       2 |   0.0 |    74
               +---------+---------+-------+---------+---------+-------+---------
